New York Rangers vs Minnesota North Stars
(R1)
Created - Monday, December 18, 2023 at 07:43
Goals
|
| New York Rangers |
1 |
0 |
1 |
2 |
| Minnesota North Stars |
1 |
2 |
1 |
4 |
|
Shots
|
| New York Rangers |
9 |
2 |
18 |
29 |
| Minnesota North Stars |
16 |
13 |
7 |
36 |
|
1st period
1. New York Rangers , Pierre-Luc Dubois 31 (Cole Caufield 30, Mikael Granlund 42) at 9:05
2. Minnesota North Stars , Evgeni Malkin 26 (Ryan Nugent-Hopkins 51, Neal Pionk 15) at 11:51
Penalties :
No Penalty
2nd period
3. Minnesota North Stars , Jonathan Toews 19 (Jack Hughes 39, Brock Nelson 34) at 1:08
4. Minnesota North Stars , Rasmus Dahlin 16 (Adam Lowry 21) at 2:05
Penalties :
Adam Larsson (NYR) for Slashing (Minor) at 12:48
3rd period
5. New York Rangers , Artemi Panarin 41 (Nathan MacKinnon 54, Mathew Barzal 43) at 4:07 (PP)
6. Minnesota North Stars , Brandon Montour 10 (Rasmus Dahlin 27) at 8:24
Penalties :
Jamie Oleksiak (MNS) for Holding (Minor) at 3:27, Artemi Panarin (NYR) for High sticking (Minor) at 4:16, Gustav Forsling (MNS) for Holding (Minor) at 8:43, Brandon Montour (MNS) for Hooking (Minor) at 12:35
Goalie Stats
Igor Shesterkin (NYR), 32 saves from 36 shots - (0.889), L, 46-11-8, 60:00 minutes
Stuart Skinner (MNS), 27 saves from 29 shots - (0.931), W, 27-7-6, 60:00 minutes
Players Stats for New York Rangers
Player Name G A P +/- PIM S H SB GA TA FO MP PP MP PK MP
------------------------------------------------------------------------------------
Adam Larsson 0 0 0 -2 2 1 3 0 0 0 0/0 21:52 3:06 1:00
Andre Burakovsky 0 0 0 -1 0 3 0 0 0 0 0/1 13:34 1:32 0:00
Artemi Panarin 1 0 1 -1 2 2 0 0 1 0 0/1 17:52 2:24 0:00
Cam Fowler 0 0 0 -2 0 0 0 0 0 0 0/0 17:24 0:00 0:22
Cole Caufield 0 1 1 0 0 1 1 0 0 0 0/1 14:14 0:00 0:00
Conor Garland 0 0 0 -1 0 4 0 0 0 0 0/0 10:05 0:00 1:46
David Kampf 0 0 0 -1 0 0 0 0 0 0 4/6 13:01 2:14 1:53
Dmitry Kulikov 0 0 0 1 0 2 0 0 0 0 0/0 19:10 0:00 2:02
Filip Chytil 0 0 0 -1 0 2 1 2 1 0 6/9 11:50 0:00 0:00
Gabriel Landeskog 0 0 0 -1 0 5 1 0 2 0 1/1 15:04 2:14 0:00
Jake McCabe 0 0 0 -2 0 0 3 1 1 0 0/0 17:23 0:00 0:34
Mark Giordano 0 0 0 1 0 1 1 1 0 3 0/0 20:51 1:32 1:56
Mathew Barzal 0 1 1 -1 0 1 1 0 2 0 1/1 20:05 3:06 0:19
Matthew Benning 0 0 0 -2 0 0 0 2 0 1 0/0 18:39 0:00 2:02
Mikael Granlund 0 1 1 0 0 2 1 0 1 0 4/5 18:07 2:14 1:46
Nathan MacKinnon 0 1 1 -1 0 2 3 0 1 0 8/19 18:26 2:24 0:00
Pierre-Luc Dubois 1 0 1 0 0 2 3 0 1 0 6/11 16:45 2:24 0:19
Tyler Motte 0 0 0 -1 0 1 1 1 1 0 1/1 11:38 0:00 1:53
Players Stats for Minnesota North Stars
Player Name G A P +/- PIM S H SB GA TA FO MP PP MP PK MP
------------------------------------------------------------------------------------
Adam Lowry 0 1 1 2 0 1 1 1 0 1 8/15 16:37 0:00 2:13
Brandon Montour 1 0 1 3 2 3 2 1 0 0 0/0 18:42 1:49 0:00
Brock Nelson 0 1 1 0 0 1 0 0 0 1 10/18 17:45 2:08 2:14
Derick Brassard 0 0 0 0 0 1 0 1 1 0 1/3 9:11 0:00 0:00
Eeli Tolvanen 0 0 0 0 0 1 2 0 0 1 0/1 9:11 0:00 0:00
Evan Rodrigues 0 0 0 0 0 2 2 0 1 0 0/0 9:11 0:00 0:00
Evgeni Malkin 1 0 1 1 0 3 3 0 0 0 0/1 16:14 1:50 0:00
Frank Vatrano 0 0 0 2 0 7 1 1 1 0 0/1 16:16 0:00 2:14
Gustav Forsling 0 0 0 1 2 2 0 0 0 1 0/0 15:53 2:09 0:00
Jack Hughes 0 1 1 0 0 6 0 1 1 0 0/1 16:21 2:08 0:00
Jamie Oleksiak 0 0 0 -1 2 1 2 3 0 2 0/0 23:32 2:09 2:11
Jeff Skinner 0 0 0 1 0 1 1 0 0 1 0/1 16:22 1:50 0:06
Jonathan Toews 1 0 1 0 0 2 2 0 0 1 0/1 14:19 0:00 0:18
Justin Holl 0 0 0 1 0 0 0 2 0 2 0/0 17:14 0:00 2:27
Neal Pionk 0 1 1 -1 0 0 1 0 0 1 0/0 23:40 0:00 2:51
Rasmus Dahlin 1 1 2 3 0 2 3 0 0 0 0/0 20:58 1:49 1:47
Ryan Nugent-Hopkins 0 1 1 1 0 3 4 1 0 0 6/13 18:15 2:08 2:11
Zach Parise 0 0 0 2 0 0 3 0 0 0 0/1 15:38 1:50 0:00
3 Stars
1 - Rasmus Dahlin (MNS)
2 - Brandon Montour (MNS)
3 - Evgeni Malkin (MNS)
Power Play
New York Rangers - 1 on 3 Attempt(s) - 33.33%
Minnesota North Stars - 0 on 2 Attempt(s) - 0.00%
Penalty Kill
New York Rangers - 2 on 2 Attempt(s) - 100.00%
- Score 0 goal in Penalty Kill
Minnesota North Stars - 2 on 3 Attempt(s) - 66.67%
- Score 0 goal in Penalty Kill
Team Stat
New York Rangers - Hits : 19 - Faceoff Wins : 31 - Blocked Shots : 7 - Penalty Minutes : 4
Minnesota North Stars - Hits : 27 - Faceoff Wins : 25 - Blocked Shots : 11 - Penalty Minutes : 6
Official
Referees : Kelly Sutherland and Dean Morton
Linesman : Derek Amell and Brad Kovachik
Game Notes
12:51 of 3rd period - New York Rangers goal is going for a video replay. After video review, No Goal. The puck has been directed, batted or thrown into the net by an attacking player other than with a stick.
Finance
Level 1 -- Attendance: 4914 (81.90%) -- Ticket Income $491,400
Level 2 -- Attendance: 4153 (83.06%) -- Ticket Income $249,180
Level 3 -- Attendance: 2232 (74.40%) -- Ticket Income $78,120
Level 4 -- Attendance: 3957 (79.14%) -- Ticket Income $98,925
Luxury Box -- Attendance: 822 (82.20%) -- Ticket Income $164,400
Game was played at the Met Center.
Total Attendance: 16078 (80.39%)
Total Ticket Income: $1,082,025
Other Income: $378,709
Total Income: $1,460,734
New York Rangers
5 vs 5 Forward
Center Left Wing Right Wing Time % Phy DF OF
1 Nathan MacKinnon Artemi Panarin Mathew Barzal 35 0 1 4
2 Pierre-Luc Dubois Cole Caufield Mikael Granlund 30 1 1 3
3 Filip Chytil Andre Burakovsky Gabriel Landeskog 23 1 2 2
4 David Kampf Conor Garland Tyler Motte 12 1 3 1
5 vs 5 Defense
Defense Defense Time % Phy DF OF
1 Cam Fowler Adam Larsson 35 1 2 2
2 Dmitry Kulikov Mark Giordano 33 1 2 2
3 Matthew Benning Jake McCabe 32 1 2 2
4 Cam Fowler Adam Larsson 0 1 2 2
PowerPlay Forward
Center Left Wing Right Wing Time % Phy DF OF
1 Pierre-Luc Dubois Nathan MacKinnon Artemi Panarin 50 0 1 4
2 Mikael Granlund Gabriel Landeskog David Kampf 50 0 1 4
PowerPlay Defense
Defense Defense Time % Phy DF OF
1 Mathew Barzal Adam Larsson 60 1 1 3
2 Andre Burakovsky Mark Giordano 40 1 1 3
Penalty Kill 4 Players Forward
Center Wing Time % Phy DF OF
1 David Kampf Tyler Motte 50 1 3 1
2 Mikael Granlund Conor Garland 50 1 3 1
Penalty Kill 4 Players Defense
Defense Defense Time % Phy DF OF
1 Matthew Benning Dmitry Kulikov 50 1 3 1
2 Adam Larsson Mark Giordano 50 1 3 1
Penalty Kill - 3 Players Forward
Forward Time % Phy DF OF
1 Mikael Granlund 50 1 2 2
2 David Kampf 50 1 2 2
Penalty Kill - 3 Players Defense
Defense Defense Time % Phy DF OF
1 Matthew Benning Dmitry Kulikov 50 1 3 1
2 Adam Larsson Mark Giordano 50 1 3 1
4 vs 4 Forward
Center Wing Time % Phy DF OF
1 Nathan MacKinnon Artemi Panarin 50 0 2 3
2 Pierre-Luc Dubois Mathew Barzal 50 0 2 3
4 vs 4 Defense
Defense Defense Time % Phy DF OF
1 Cam Fowler Adam Larsson 50 1 2 2
2 Dmitry Kulikov Mark Giordano 50 1 2 2
Last Minutes Offensive
Center Left Wing Right Wing Defense Defense
Nathan MacKinnon Artemi Panarin Pierre-Luc Dubois Cam Fowler Adam Larsson
Last Minutes Defensive
Center Left Wing Right Wing Defense Defense
David Kampf Tyler Motte Mikael Granlund Dmitry Kulikov Adam Larsson
Goaltenders
Starting : Igor Shesterkin
Backup : Tristan Jarry
Extra Forwards
Normal : Nathan MacKinnon, Pierre-Luc Dubois, Gabriel Landeskog - PP : Gabriel Landeskog, Nathan MacKinnon - PK : David Kampf
Extra Defensemen
Normal : Matthew Benning, Jake McCabe, Dmitry Kulikov - PP : Matthew Benning - PK : Jake McCabe, Dmitry Kulikov
Penalty Shots
Artemi Panarin, Mikael Granlund, Pierre-Luc Dubois, Mark Giordano, Nathan MacKinnon
Minnesota North Stars
5 vs 5 Forward
Center Left Wing Right Wing Time % Phy DF OF
1 Adam Lowry Frank Vatrano Zach Parise 29 3 1 1
2 Ryan Nugent-Hopkins Evgeni Malkin Jeff Skinner 29 1 1 3
3 Brock Nelson Jack Hughes Jonathan Toews 29 1 1 3
4 Derick Brassard Evan Rodrigues Eeli Tolvanen 13 1 2 2
5 vs 5 Defense
Defense Defense Time % Phy DF OF
1 Neal Pionk Jamie Oleksiak 30 3 1 1
2 Rasmus Dahlin Brandon Montour 30 2 2 1
3 Justin Holl Gustav Forsling 25 2 2 1
4 Neal Pionk Jamie Oleksiak 15 3 1 1
PowerPlay Forward
Center Left Wing Right Wing Time % Phy DF OF
1 Ryan Nugent-Hopkins Brock Nelson Jack Hughes 50 1 1 3
2 Evgeni Malkin Jeff Skinner Zach Parise 50 1 1 3
PowerPlay Defense
Defense Defense Time % Phy DF OF
1 Rasmus Dahlin Brandon Montour 50 1 2 2
2 Jamie Oleksiak Gustav Forsling 50 1 2 2
Penalty Kill 4 Players Forward
Center Wing Time % Phy DF OF
1 Ryan Nugent-Hopkins Adam Lowry 50 2 2 1
2 Brock Nelson Frank Vatrano 50 2 2 1
Penalty Kill 4 Players Defense
Defense Defense Time % Phy DF OF
1 Neal Pionk Jamie Oleksiak 50 3 1 1
2 Justin Holl Rasmus Dahlin 50 1 3 1
Penalty Kill - 3 Players Forward
Forward Time % Phy DF OF
1 Adam Lowry 50 2 2 1
2 Ryan Nugent-Hopkins 50 2 2 1
Penalty Kill - 3 Players Defense
Defense Defense Time % Phy DF OF
1 Neal Pionk Jamie Oleksiak 50 2 2 1
2 Justin Holl Rasmus Dahlin 50 2 2 1
4 vs 4 Forward
Center Wing Time % Phy DF OF
1 Ryan Nugent-Hopkins Jack Hughes 50 1 2 2
2 Brock Nelson Evgeni Malkin 50 1 2 2
4 vs 4 Defense
Defense Defense Time % Phy DF OF
1 Rasmus Dahlin Jamie Oleksiak 50 1 2 2
2 Brandon Montour Neal Pionk 50 1 2 2
Last Minutes Offensive
Center Left Wing Right Wing Defense Defense
Ryan Nugent-Hopkins Brock Nelson Jack Hughes Rasmus Dahlin Brandon Montour
Last Minutes Defensive
Center Left Wing Right Wing Defense Defense
Ryan Nugent-Hopkins Adam Lowry Jonathan Toews Jamie Oleksiak Neal Pionk
Goaltenders
Starting : Stuart Skinner
Backup : Antti Raanta
Extra Forwards
Normal : Adam Lowry, Jack Hughes, Jonathan Toews - PP : Adam Lowry, Jack Hughes - PK : Jonathan Toews
Extra Defensemen
Normal : Neal Pionk, Justin Holl, Jamie Oleksiak - PP : Neal Pionk - PK : Justin Holl, Jamie Oleksiak
Penalty Shots
Ryan Nugent-Hopkins, Evgeni Malkin, Brock Nelson, Jeff Skinner, Jack Hughes
% Time on Ice - New York Rangers
Lines # - Real PCT - Wanted PCT - Time Play
Normal Forward
1 - 31% - 35% - 15:54
2 - 31% - 30% - 16:10
3 - 22% - 23% - 11:24
4 - 15% - 12% - 7:56
Normal Defense
1 - 34% - 35% - 17:32
2 - 34% - 33% - 17:23
3 - 32% - 32% - 16:29
4 - 0% - 0% - 0:00
PP Forward
1 - 52% - 50% - 2:24
2 - 48% - 50% - 2:14
PP Defense
1 - 67% - 60% - 3:06
2 - 33% - 40% - 1:32
PK Forward
1 - 55% - 50% - 2:12
2 - 45% - 50% - 1:46
PK Defense
1 - 51% - 50% - 2:02
2 - 49% - 50% - 1:56
PK3 Forward
1 - 0% - 50%
2 - 0% - 50%
PK3 Defense
1 - 0% - 50%
2 - 0% - 50%
44 Forward
1 - 0% - 50%
2 - 0% - 50%
44 Defense
1 - 0% - 50%
2 - 0% - 50%
Last Minute Offensive - 0:00
Last Minute Defensive - 0:00
Total
Forward - 60:00
Defense - 60:00
|
% Time on Ice - Minnesota North Stars
Lines # - Real PCT - Wanted PCT - Time Play
Normal Forward
1 - 27% - 29% - 14:04
2 - 29% - 29% - 14:48
3 - 26% - 29% - 13:21
4 - 18% - 13% - 9:11
Normal Defense
1 - 30% - 30% - 15:37
2 - 30% - 30% - 15:30
3 - 27% - 25% - 13:38
4 - 13% - 15% - 6:39
PP Forward
1 - 54% - 50% - 2:08
2 - 46% - 50% - 1:50
PP Defense
1 - 46% - 50% - 1:49
2 - 54% - 50% - 2:09
PK Forward
1 - 50% - 50% - 2:18
2 - 50% - 50% - 2:20
PK Defense
1 - 62% - 50% - 2:51
2 - 38% - 50% - 1:47
PK3 Forward
1 - 0% - 50%
2 - 0% - 50%
PK3 Defense
1 - 0% - 50%
2 - 0% - 50%
44 Forward
1 - 0% - 50%
2 - 0% - 50%
44 Defense
1 - 0% - 50%
2 - 0% - 50%
Last Minute Offensive - 0:00
Last Minute Defensive - 0:00
Total
Forward - 60:00
Defense - 60:00
|
Play-by-Play
1st period
0:01 of 1st period - Adam Lowry wins face-off versus Nathan MacKinnon in neutral zone.
0:27 of 1st period - Off-side.
0:28 of 1st period - Pierre-Luc Dubois wins face-off versus Jeff Skinner in neutral zone.
0:46 of 1st period - Mark Giordano is hit by Rasmus Dahlin and loses puck.
0:53 of 1st period - Wrist shot by Evgeni Malkin.
0:53 of 1st period - Stopped by Igor Shesterkin with a rebound.
1:18 of 1st period - Slapshot by Pierre-Luc Dubois.
1:18 of 1st period - Shot Blocked by Justin Holl.
1:20 of 1st period - Slapshot by Cole Caufield.
1:20 of 1st period - Stopped by Stuart Skinner with a rebound.
1:22 of 1st period - Slapshot by Dmitry Kulikov.
1:22 of 1st period - Stopped by Stuart Skinner without a rebound.
1:23 of 1st period - Filip Chytil wins face-off versus Brock Nelson in Minnesota North Stars zone.
1:38 of 1st period - Slapshot by Jack Hughes.
1:38 of 1st period - Shot Blocked by Matthew Benning.
1:40 of 1st period - Slapshot by Jamie Oleksiak.
1:40 of 1st period - Stopped by Igor Shesterkin without a rebound.
1:41 of 1st period - Derick Brassard wins face-off versus Nathan MacKinnon in New York Rangers zone.
2:20 of 1st period - Wrist shot by Jack Hughes.
2:20 of 1st period - Stopped by Igor Shesterkin with a rebound.
2:32 of 1st period - Zach Parise is hit by Gabriel Landeskog and loses puck.
4:17 of 1st period - Jeff Skinner is hit by Mikael Granlund and loses puck.
4:38 of 1st period - Snap shot by Nathan MacKinnon.
4:38 of 1st period - Shot Blocked by Derick Brassard.
4:41 of 1st period - Icing by Rasmus Dahlin.
4:42 of 1st period - Nathan MacKinnon wins face-off versus Derick Brassard in Minnesota North Stars zone.
5:07 of 1st period - Snap shot by Nathan MacKinnon.
5:07 of 1st period - Stopped by Stuart Skinner with a rebound.
5:25 of 1st period - Slapshot by Brandon Montour.
5:25 of 1st period - Stopped by Igor Shesterkin without a rebound.
5:26 of 1st period - Adam Lowry wins face-off versus Filip Chytil in New York Rangers zone.
5:27 of 1st period - Wrist shot by Frank Vatrano.
5:27 of 1st period - Stopped by Igor Shesterkin without a rebound.
5:28 of 1st period - Adam Lowry wins face-off versus Filip Chytil in New York Rangers zone.
5:56 of 1st period - Snap shot by Jack Hughes.
5:56 of 1st period - Stopped by Igor Shesterkin with a rebound.
6:04 of 1st period - Neal Pionk is hit by Adam Larsson and loses puck.
6:23 of 1st period - Wrist shot by Ryan Nugent-Hopkins.
6:23 of 1st period - Deflect By Jeff Skinner.
6:23 of 1st period - Shot Hit the Post.
6:23 of 1st period - Puck is out of play.
6:24 of 1st period - Filip Chytil wins face-off versus Frank Vatrano in New York Rangers zone.
6:33 of 1st period - Wrist shot by Frank Vatrano.
6:33 of 1st period - Stopped by Igor Shesterkin with a rebound.
6:35 of 1st period - Slapshot by Gustav Forsling.
6:35 of 1st period - Stopped by Igor Shesterkin with a rebound.
6:37 of 1st period - Wrist shot by Frank Vatrano.
6:37 of 1st period - Stopped by Igor Shesterkin without a rebound.
6:38 of 1st period - Brock Nelson wins face-off versus Mikael Granlund in New York Rangers zone.
7:05 of 1st period - Frank Vatrano is hit by Nathan MacKinnon and loses puck.
7:14 of 1st period - Off-side.
7:15 of 1st period - Filip Chytil wins face-off versus Ryan Nugent-Hopkins in neutral zone.
7:30 of 1st period - Snap shot by Gabriel Landeskog.
7:30 of 1st period - Shot Blocked by Jamie Oleksiak.
7:51 of 1st period - Slapshot by Artemi Panarin.
7:51 of 1st period - Shot Misses the Net.
8:11 of 1st period - Snap shot by Pierre-Luc Dubois.
8:11 of 1st period - Stopped by Stuart Skinner without a rebound.
8:12 of 1st period - Adam Lowry wins face-off versus Pierre-Luc Dubois in Minnesota North Stars zone.
8:25 of 1st period - Gustav Forsling is hit by Cole Caufield and loses puck.
8:45 of 1st period - Icing by Mikael Granlund.
8:46 of 1st period - Pierre-Luc Dubois wins face-off versus Jonathan Toews in New York Rangers zone.
9:03 of 1st period - Snap shot by Pierre-Luc Dubois.
9:03 of 1st period - Shot Misses the Net.
9:05 of 1st period - Wrist shot by Pierre-Luc Dubois.
9:05 of 1st period - Goal by Pierre-Luc Dubois - New York Rangers : 1 - Minnesota North Stars : 0.
9:06 of 1st period - Ryan Nugent-Hopkins wins face-off versus Nathan MacKinnon in neutral zone.
9:14 of 1st period - Wrist shot by Artemi Panarin.
9:14 of 1st period - Shot Misses the Net.
9:16 of 1st period - Slapshot by Adam Larsson.
9:16 of 1st period - Stopped by Stuart Skinner without a rebound.
9:17 of 1st period - Nathan MacKinnon wins face-off versus Ryan Nugent-Hopkins in Minnesota North Stars zone.
9:32 of 1st period - Snap shot by Artemi Panarin.
9:32 of 1st period - Shot Misses the Net.
11:10 of 1st period - Backhand shot by Conor Garland.
11:10 of 1st period - Stopped by Stuart Skinner without a rebound.
11:11 of 1st period - Brock Nelson wins face-off versus David Kampf in Minnesota North Stars zone.
11:20 of 1st period - Snap shot by Brock Nelson.
11:20 of 1st period - Shot Misses the Net.
11:22 of 1st period - Snap shot by Jack Hughes.
11:22 of 1st period - Stopped by Igor Shesterkin with a rebound.
11:24 of 1st period - Snap shot by Jack Hughes.
11:24 of 1st period - Shot Blocked by Tyler Motte.
11:26 of 1st period - Slapshot by Jamie Oleksiak.
11:26 of 1st period - Shot Blocked by Matthew Benning.
11:28 of 1st period - Slapshot by Jack Hughes.
11:28 of 1st period - Shot Misses the Net.
11:38 of 1st period - Conor Garland is hit by Evgeni Malkin and loses puck.
11:51 of 1st period - Wrist shot by Evgeni Malkin.
11:51 of 1st period - Goal by Evgeni Malkin - New York Rangers : 1 - Minnesota North Stars : 1.
11:52 of 1st period - Nathan MacKinnon wins face-off versus Adam Lowry in neutral zone.
12:27 of 1st period - Slapshot by Gabriel Landeskog.
12:27 of 1st period - Deflect By Filip Chytil.
12:27 of 1st period - Stopped by Stuart Skinner with a rebound.
12:50 of 1st period - Snap shot by Conor Garland.
12:50 of 1st period - Shot Misses the Net.
13:22 of 1st period - Wrist shot by Nathan MacKinnon.
13:22 of 1st period - Shot Misses the Net.
14:27 of 1st period - Jake McCabe is hit by Rasmus Dahlin and loses puck.
14:54 of 1st period - Slapshot by Frank Vatrano.
14:54 of 1st period - Stopped by Igor Shesterkin with a rebound.
15:28 of 1st period - Snap shot by Conor Garland.
15:28 of 1st period - Stopped by Stuart Skinner with a rebound.
16:54 of 1st period - Rasmus Dahlin is hit by Adam Larsson and loses puck.
17:01 of 1st period - Cam Fowler is hit by Jamie Oleksiak and loses puck.
17:27 of 1st period - Icing by Cole Caufield.
17:28 of 1st period - Brock Nelson wins face-off versus Nathan MacKinnon in New York Rangers zone.
17:55 of 1st period - Cole Caufield is hit by Brandon Montour.
17:59 of 1st period - Brandon Montour is hit by Pierre-Luc Dubois and loses puck.
18:45 of 1st period - Gabriel Landeskog is hit by Evan Rodrigues and loses puck.
19:10 of 1st period - Snap shot by Ryan Nugent-Hopkins.
19:10 of 1st period - Stopped by Igor Shesterkin with a rebound.
19:12 of 1st period - Slapshot by Gustav Forsling.
19:12 of 1st period - Stopped by Igor Shesterkin with a rebound.
19:24 of 1st period - Snap shot by Jack Hughes.
19:24 of 1st period - Stopped by Igor Shesterkin without a rebound.
19:25 of 1st period - Brock Nelson wins face-off versus Pierre-Luc Dubois in New York Rangers zone.
19:36 of 1st period - Backhand shot by Brock Nelson.
19:36 of 1st period - Shot Misses the Net.
19:38 of 1st period - Wrist shot by Jonathan Toews.
19:38 of 1st period - Stopped by Igor Shesterkin without a rebound.
19:39 of 1st period - Nathan MacKinnon wins face-off versus Adam Lowry in New York Rangers zone.
19:44 of 1st period - Frank Vatrano is hit by Jake McCabe and loses puck.
Goals for this period are 1 for New York Rangers vs 1 for Minnesota North Stars.
Shots for this period are 9 for New York Rangers vs 16 for Minnesota North Stars.
2nd period
0:01 of 2nd period - Nathan MacKinnon wins face-off versus Ryan Nugent-Hopkins in neutral zone.
0:52 of 2nd period - Off-side.
0:53 of 2nd period - Filip Chytil wins face-off versus Brock Nelson in neutral zone.
1:08 of 2nd period - Snap shot by Jonathan Toews.
1:08 of 2nd period - Goal by Jonathan Toews - New York Rangers : 1 - Minnesota North Stars : 2.
1:09 of 2nd period - Adam Lowry wins face-off versus Nathan MacKinnon in neutral zone.
1:58 of 2nd period - Evgeni Malkin is hit by Pierre-Luc Dubois.
2:03 of 2nd period - Icing by Adam Larsson.
2:04 of 2nd period - Adam Lowry wins face-off versus Pierre-Luc Dubois in New York Rangers zone.
2:05 of 2nd period - Slapshot by Rasmus Dahlin.
2:05 of 2nd period - Goal by Rasmus Dahlin - New York Rangers : 1 - Minnesota North Stars : 3.
2:06 of 2nd period - Nathan MacKinnon wins face-off versus Adam Lowry in neutral zone.
2:36 of 2nd period - Wrist shot by Mikael Granlund.
2:36 of 2nd period - Shot Hit the Post.
2:38 of 2nd period - Backhand shot by Dmitry Kulikov.
2:38 of 2nd period - Shot Blocked by Frank Vatrano.
2:40 of 2nd period - Snap shot by Mark Giordano.
2:40 of 2nd period - Shot Blocked by Adam Lowry.
2:42 of 2nd period - Snap shot by Mikael Granlund.
2:42 of 2nd period - Stopped by Stuart Skinner without a rebound.
2:43 of 2nd period - Brock Nelson wins face-off versus Andre Burakovsky in Minnesota North Stars zone.
3:36 of 2nd period - Snap shot by Evan Rodrigues.
3:36 of 2nd period - Stopped by Igor Shesterkin with a rebound.
4:47 of 2nd period - Icing by Cole Caufield.
4:48 of 2nd period - Pierre-Luc Dubois wins face-off versus Evgeni Malkin in New York Rangers zone.
5:16 of 2nd period - Snap shot by Frank Vatrano.
5:16 of 2nd period - Shot Misses the Net.
5:18 of 2nd period - Wrist shot by Frank Vatrano.
5:18 of 2nd period - Stopped by Igor Shesterkin with a rebound.
5:36 of 2nd period - Brock Nelson is hit by Nathan MacKinnon and loses puck.
6:09 of 2nd period - Snap shot by Tyler Motte.
6:09 of 2nd period - Shot Misses the Net.
6:25 of 2nd period - Slapshot by Andre Burakovsky.
6:25 of 2nd period - Stopped by Stuart Skinner with a rebound.
6:39 of 2nd period - Artemi Panarin is hit by Ryan Nugent-Hopkins and loses puck.
6:52 of 2nd period - Wrist shot by Jeff Skinner.
6:52 of 2nd period - Shot Misses the Net.
7:10 of 2nd period - Snap shot by Frank Vatrano.
7:10 of 2nd period - Shot Blocked by Jake McCabe.
7:12 of 2nd period - Snap shot by Frank Vatrano.
7:12 of 2nd period - Shot Misses the Net.
7:30 of 2nd period - Evan Rodrigues is hit by Pierre-Luc Dubois and loses puck.
8:02 of 2nd period - Adam Lowry is hit by Mark Giordano and loses puck.
8:09 of 2nd period - Mathew Barzal is hit by Zach Parise and loses puck.
8:58 of 2nd period - Snap shot by Adam Lowry.
8:58 of 2nd period - Shot Misses the Net.
9:00 of 2nd period - Snap shot by Adam Lowry.
9:00 of 2nd period - Stopped by Igor Shesterkin with a rebound.
9:10 of 2nd period - Slapshot by Eeli Tolvanen.
9:10 of 2nd period - Deflect By Evan Rodrigues.
9:10 of 2nd period - Stopped by Igor Shesterkin without a rebound.
9:11 of 2nd period - David Kampf wins face-off versus Derick Brassard in New York Rangers zone.
9:36 of 2nd period - Jonathan Toews is hit by Mathew Barzal and loses puck.
9:57 of 2nd period - Jamie Oleksiak is hit by Filip Chytil and loses puck.
11:28 of 2nd period - Snap shot by Ryan Nugent-Hopkins.
11:28 of 2nd period - Stopped by Igor Shesterkin with a rebound.
11:30 of 2nd period - Slapshot by Brandon Montour.
11:30 of 2nd period - Shot Misses the Net.
11:32 of 2nd period - Wrist shot by Rasmus Dahlin.
11:32 of 2nd period - Deflect By Andre Burakovsky.
11:32 of 2nd period - Stopped by Igor Shesterkin with a rebound.
11:34 of 2nd period - Snap shot by Evgeni Malkin.
11:34 of 2nd period - Stopped by Igor Shesterkin without a rebound.
11:35 of 2nd period - Pierre-Luc Dubois wins face-off versus Adam Lowry in New York Rangers zone.
11:44 of 2nd period - Snap shot by Frank Vatrano.
11:44 of 2nd period - Stopped by Igor Shesterkin without a rebound.
11:45 of 2nd period - Pierre-Luc Dubois wins face-off versus Adam Lowry in New York Rangers zone.
11:52 of 2nd period - Snap shot by Adam Lowry.
11:52 of 2nd period - Deflect By Zach Parise.
11:52 of 2nd period - Deflect By Cole Caufield.
11:52 of 2nd period - Shot Misses the Net.
11:52 of 2nd period - Puck is out of play.
11:53 of 2nd period - Brock Nelson wins face-off versus Nathan MacKinnon in New York Rangers zone.
12:04 of 2nd period - Snap shot by Jack Hughes.
12:04 of 2nd period - Stopped by Igor Shesterkin without a rebound.
12:05 of 2nd period - Ryan Nugent-Hopkins wins face-off versus Nathan MacKinnon in New York Rangers zone.
12:12 of 2nd period - Wrist shot by Jeff Skinner.
12:12 of 2nd period - Shot Misses the Net.
12:15 of 2nd period - Icing by Dmitry Kulikov.
12:16 of 2nd period - Brock Nelson wins face-off versus Nathan MacKinnon in New York Rangers zone.
12:24 of 2nd period - Mathew Barzal is hit by Rasmus Dahlin and loses puck.
12:28 of 2nd period - Off-side.
12:29 of 2nd period - Ryan Nugent-Hopkins wins face-off versus Nathan MacKinnon in neutral zone.
12:38 of 2nd period - Ryan Nugent-Hopkins is hit by Nathan MacKinnon and loses puck.
12:48 of 2nd period - Minor Penalty to Adam Larsson for Slashing.
12:49 of 2nd period - David Kampf wins face-off versus Ryan Nugent-Hopkins in New York Rangers zone.
12:49 of 2nd period - David Kampf is hit by Ryan Nugent-Hopkins.
14:48 of 2nd period - Penalty to Adam Larsson is over, Adam Larsson is back on ice.
15:06 of 2nd period - Snap shot by Evan Rodrigues.
15:06 of 2nd period - Shot Misses the Net.
15:22 of 2nd period - Nathan MacKinnon is hit by Frank Vatrano and loses puck.
15:43 of 2nd period - Filip Chytil is hit by Eeli Tolvanen.
16:50 of 2nd period - Neal Pionk is hit by Tyler Motte and loses puck.
17:01 of 2nd period - Cole Caufield is hit by Zach Parise and loses puck.
17:46 of 2nd period - Wrist shot by Ryan Nugent-Hopkins.
17:46 of 2nd period - Stopped by Igor Shesterkin without a rebound.
17:47 of 2nd period - Ryan Nugent-Hopkins wins face-off versus David Kampf in New York Rangers zone.
17:58 of 2nd period - Slapshot by Cam Fowler.
17:58 of 2nd period - Shot Blocked by Ryan Nugent-Hopkins.
18:10 of 2nd period - Filip Chytil is hit by Jonathan Toews and loses puck.
18:21 of 2nd period - Snap shot by Jack Hughes.
18:21 of 2nd period - Stopped by Igor Shesterkin with a rebound.
18:43 of 2nd period - Mikael Granlund is hit by Neal Pionk and loses puck.
19:50 of 2nd period - Filip Chytil is hit by Eeli Tolvanen and loses puck.
Goals for this period are 0 for New York Rangers vs 2 for Minnesota North Stars.
Shots for this period are 2 for New York Rangers vs 13 for Minnesota North Stars.
3rd period
0:01 of 3rd period - Nathan MacKinnon wins face-off versus Jack Hughes in neutral zone.
0:46 of 3rd period - Slapshot by Gabriel Landeskog.
0:46 of 3rd period - Stopped by Stuart Skinner with a rebound.
0:48 of 3rd period - Slapshot by Dmitry Kulikov.
0:48 of 3rd period - Shot Blocked by Brandon Montour.
0:50 of 3rd period - Wrist shot by Filip Chytil.
0:50 of 3rd period - Stopped by Stuart Skinner without a rebound.
0:51 of 3rd period - Filip Chytil wins face-off versus Brock Nelson in Minnesota North Stars zone.
0:54 of 3rd period - Wrist shot by Gabriel Landeskog.
0:54 of 3rd period - Stopped by Stuart Skinner without a rebound.
0:55 of 3rd period - Brock Nelson wins face-off versus Nathan MacKinnon in Minnesota North Stars zone.
0:55 of 3rd period - Brock Nelson is hit by Jake McCabe.
1:35 of 3rd period - Wrist shot by Pierre-Luc Dubois.
1:35 of 3rd period - Shot Misses the Net.
1:47 of 3rd period - Snap shot by Andre Burakovsky.
1:47 of 3rd period - Stopped by Stuart Skinner without a rebound.
1:48 of 3rd period - Adam Lowry wins face-off versus Filip Chytil in Minnesota North Stars zone.
1:58 of 3rd period - Wrist shot by Gustav Forsling.
1:58 of 3rd period - Shot Blocked by Filip Chytil.
2:00 of 3rd period - Wrist shot by Zach Parise.
2:00 of 3rd period - Shot Misses the Net.
2:02 of 3rd period - Wrist shot by Adam Lowry.
2:02 of 3rd period - Shot Misses the Net.
2:04 of 3rd period - Wrist shot by Frank Vatrano.
2:04 of 3rd period - Shot Misses the Net.
2:23 of 3rd period - Slapshot by Brandon Montour.
2:23 of 3rd period - Shot Misses the Net.
2:25 of 3rd period - Backhand shot by Adam Lowry.
2:25 of 3rd period - Shot Blocked by Mark Giordano.
2:27 of 3rd period - Slapshot by Brandon Montour.
2:27 of 3rd period - Shot Misses the Net.
2:29 of 3rd period - Slapshot by Rasmus Dahlin.
2:29 of 3rd period - Shot Misses the Net.
2:31 of 3rd period - Wrist shot by Adam Lowry.
2:31 of 3rd period - Shot Misses the Net.
2:33 of 3rd period - Snap shot by Frank Vatrano.
2:33 of 3rd period - Stopped by Igor Shesterkin with a rebound.
2:48 of 3rd period - Wrist shot by Andre Burakovsky.
2:48 of 3rd period - Stopped by Stuart Skinner without a rebound.
2:49 of 3rd period - Brock Nelson wins face-off versus Artemi Panarin in Minnesota North Stars zone.
3:02 of 3rd period - Snap shot by Artemi Panarin.
3:02 of 3rd period - Shot Blocked by Jack Hughes.
3:04 of 3rd period - Snap shot by Artemi Panarin.
3:04 of 3rd period - Stopped by Stuart Skinner without a rebound.
3:05 of 3rd period - Ryan Nugent-Hopkins wins face-off versus Cole Caufield in Minnesota North Stars zone.
3:12 of 3rd period - Mikael Granlund is hit by Jamie Oleksiak and loses puck.
3:27 of 3rd period - Minor Penalty to Jamie Oleksiak for Holding.
3:28 of 3rd period - Ryan Nugent-Hopkins wins face-off versus Pierre-Luc Dubois in Minnesota North Stars zone.
3:37 of 3rd period - Snap shot by Nathan MacKinnon.
3:37 of 3rd period - Stopped by Stuart Skinner without a rebound.
3:38 of 3rd period - Brock Nelson wins face-off versus Pierre-Luc Dubois in Minnesota North Stars zone.
4:03 of 3rd period - Wrist shot by Nathan MacKinnon.
4:03 of 3rd period - Shot Blocked by Justin Holl.
4:07 of 3rd period - Wrist shot by Artemi Panarin.
4:07 of 3rd period - Goal by Artemi Panarin - New York Rangers : 2 - Minnesota North Stars : 3.
4:08 of 3rd period - Mathew Barzal wins face-off versus Brock Nelson in neutral zone.
4:16 of 3rd period - Minor Penalty to Artemi Panarin for High sticking.
4:17 of 3rd period - Mikael Granlund wins face-off versus Zach Parise in New York Rangers zone.
4:37 of 3rd period - David Kampf is hit by Evgeni Malkin and loses puck.
5:14 of 3rd period - Dmitry Kulikov is hit by Zach Parise and loses puck.
6:03 of 3rd period - Snap shot by Mathew Barzal.
6:03 of 3rd period - Shot Blocked by Jamie Oleksiak.
6:09 of 3rd period - Matthew Benning is hit by Ryan Nugent-Hopkins and loses puck.
6:16 of 3rd period - Penalty to Artemi Panarin is over, Artemi Panarin is back on ice.
6:23 of 3rd period - Icing by Rasmus Dahlin.
6:24 of 3rd period - Filip Chytil wins face-off versus Eeli Tolvanen in Minnesota North Stars zone.
6:49 of 3rd period - Icing by Eeli Tolvanen.
6:50 of 3rd period - Adam Lowry wins face-off versus Nathan MacKinnon in Minnesota North Stars zone.
7:17 of 3rd period - Rasmus Dahlin is hit by Jake McCabe and loses puck.
7:40 of 3rd period - Snap shot by Jack Hughes.
7:40 of 3rd period - Shot Blocked by Filip Chytil.
7:42 of 3rd period - Slapshot by Rasmus Dahlin.
7:42 of 3rd period - Shot Misses the Net.
8:24 of 3rd period - Wrist shot by Brandon Montour.
8:24 of 3rd period - Goal by Brandon Montour - New York Rangers : 2 - Minnesota North Stars : 4.
8:25 of 3rd period - Nathan MacKinnon wins face-off versus Brock Nelson in neutral zone.
8:43 of 3rd period - Minor Penalty to Gustav Forsling for Holding.
8:44 of 3rd period - Gabriel Landeskog wins face-off versus Ryan Nugent-Hopkins in Minnesota North Stars zone.
8:50 of 3rd period - Snap shot by Gabriel Landeskog.
8:50 of 3rd period - Shot Misses the Net.
9:10 of 3rd period - Adam Lowry is hit by Adam Larsson and loses puck.
9:44 of 3rd period - Slapshot by Brock Nelson.
9:44 of 3rd period - Stopped by Igor Shesterkin with a rebound.
10:43 of 3rd period - Penalty to Gustav Forsling is over, Gustav Forsling is back on ice.
11:11 of 3rd period - Matthew Benning is hit by Jeff Skinner and loses puck.
11:26 of 3rd period - Andre Burakovsky is hit by Brandon Montour and loses puck.
11:37 of 3rd period - Wrist shot by Conor Garland.
11:37 of 3rd period - Stopped by Stuart Skinner without a rebound.
11:38 of 3rd period - Tyler Motte wins face-off versus Adam Lowry in Minnesota North Stars zone.
11:45 of 3rd period - Snap shot by Tyler Motte.
11:45 of 3rd period - Stopped by Stuart Skinner with a rebound.
11:47 of 3rd period - Slapshot by Dmitry Kulikov.
11:47 of 3rd period - Stopped by Stuart Skinner with a rebound.
11:49 of 3rd period - Snap shot by Conor Garland.
11:49 of 3rd period - Stopped by Stuart Skinner with a rebound.
12:05 of 3rd period - Wrist shot by Eeli Tolvanen.
12:05 of 3rd period - Stopped by Igor Shesterkin with a rebound.
12:35 of 3rd period - Minor Penalty to Brandon Montour for Hooking.
12:36 of 3rd period - Mikael Granlund wins face-off versus Brock Nelson in Minnesota North Stars zone.
12:37 of 3rd period - Snap shot by Gabriel Landeskog.
12:37 of 3rd period - Stopped by Stuart Skinner with a rebound.
12:39 of 3rd period - Snap shot by Mathew Barzal.
12:39 of 3rd period - Deflect By Frank Vatrano.
12:39 of 3rd period - Stopped by Stuart Skinner with a rebound.
12:41 of 3rd period - Slapshot by Gabriel Landeskog.
12:41 of 3rd period - Stopped by Stuart Skinner without a rebound.
12:42 of 3rd period - Mikael Granlund wins face-off versus Brock Nelson in Minnesota North Stars zone.
12:49 of 3rd period - Slapshot by Mikael Granlund.
12:49 of 3rd period - Shot Blocked by Jamie Oleksiak.
12:51 of 3rd period - Snap shot by Mikael Granlund.
12:51 of 3rd period - New York Rangers goal is going for a video replay.
12:51 of 3rd period - The goal is refused. The puck has been directed, batted or thrown into the net by an attacking player other than with a stick..
12:52 of 3rd period - Mikael Granlund wins face-off versus Ryan Nugent-Hopkins in Minnesota North Stars zone.
12:53 of 3rd period - Wrist shot by Gabriel Landeskog.
12:53 of 3rd period - Stopped by Stuart Skinner without a rebound.
12:54 of 3rd period - David Kampf wins face-off versus Ryan Nugent-Hopkins in Minnesota North Stars zone.
14:35 of 3rd period - Penalty to Brandon Montour is over, Brandon Montour is back on ice.
14:41 of 3rd period - Slapshot by Mark Giordano.
14:41 of 3rd period - Stopped by Stuart Skinner with a rebound.
15:08 of 3rd period - Jake McCabe is hit by Evgeni Malkin and loses puck.
16:20 of 3rd period - David Kampf is hit by Jonathan Toews.
16:58 of 3rd period - Cam Fowler is hit by Evan Rodrigues and loses puck.
17:05 of 3rd period - Slapshot by Derick Brassard.
17:05 of 3rd period - Stopped by Igor Shesterkin without a rebound.
17:06 of 3rd period - Pierre-Luc Dubois wins face-off versus Brock Nelson in New York Rangers zone.
17:31 of 3rd period - Mikael Granlund is hit by Ryan Nugent-Hopkins and loses puck.
18:09 of 3rd period - Slapshot by Brandon Montour.
18:09 of 3rd period - Stopped by Igor Shesterkin with a rebound.
18:11 of 3rd period - Slapshot by Brandon Montour.
18:11 of 3rd period - Shot Misses the Net.
19:41 of 3rd period - Snap shot by Jeff Skinner.
19:41 of 3rd period - Stopped by Igor Shesterkin without a rebound.
19:42 of 3rd period - David Kampf wins face-off versus Adam Lowry in New York Rangers zone.
19:42 of 3rd period - David Kampf is hit by Adam Lowry.
Goals for this period are 1 for New York Rangers vs 1 for Minnesota North Stars.
Shots for this period are 18 for New York Rangers vs 7 for Minnesota North Stars.
Back to the Top